 Dungeon Crawl Stone Soup version 0.30-a0-989-g0d87f670db (webtiles) character file.

Game seed: 14099480556171525641

69 12sPaWn12 the Shield-Bearer (level 4, -4/29 HPs)
             Began as a Gargoyle Fighter on Apr 3, 2023.
             Slain by a gnoll
             ... wielding a +0 spear
              (7 damage)
             ... on level 3 of the Dungeon.
             The game lasted 00:02:14 (1357 turns).

12sPaWn12 the Shield-Bearer (Gargoyle Fighter)      Turns: 1357, Time: 00:02:14

Health: -4/29      AC: 11    Str: 22    XL:     4   Next: 20%
Magic:  0/4        EV:  9    Int:  8    God:
Gold:   165        SH:  4    Dex:  9    Spells: 3/3 levels left

rFire   . . .      SeeInvis .    a - +0 flail
rCold   . . .      Faith    .    c - +0 buckler
rNeg    + . .      Spirit   +    b - +0 scale mail
rPois   ∞          Reflect  .    k - +1 hat
rElec   +          Rampage  .    (no cloak)
rCorr   .                        (no gloves)
Will    .....                    (no boots) Stlth
                                 g - amulet of guardian spirit
HPRegen 0.24/turn                (no ring)
MPRegen 0.09/turn                (no ring)

@: no status effects
A: sickness immunity, AC +3, negative energy resistance 1, electricity
resistance, torment resistance 1, petrification resistance, talons 1
a: no special abilities


You were on level 3 of the Dungeon.
You visited 1 branch of the dungeon, and saw 3 of its levels.

You collected 165 gold pieces.

Inventory:

Hand Weapons
 a - a +0 flail (weapon)
Armour
 b - a +0 scale mail (worn)
 c - a +0 buckler (worn)
 k - a +1 hat (worn)
Jewellery
 g - an amulet of guardian spirit (around neck)
 n - a ring of ice
Scrolls
 e - a scroll of teleportation
Potions
 d - a potion of might
 l - a potion of curing


   Skills:
 * Level 3.7 Fighting
 * Level 2.9 Maces & Flails
 * Level 3.8 Armour
 * Level 0.3 Dodging
 * Level 3.8 Shields


You had 3 spell levels left.
You didn't know any spells.
Your spell library contained the following spells:

 Spells                   Type           Power      Damage    Failure   Level
 Apportation              Tloc           0%         N/A       82%         1
 Necrotise                Necr           0%         1d4       82%         1
 Summon Small Mammal      Summ           0%         N/A       82%         1
 Poisonous Vapours        Pois/Air       0%         N/A       91%         2
 Mephitic Cloud           Conj/Pois/Air  0%         N/A       99%         3
 Chain Lightning          Conj/Air       0%         N/A       100%        9
 Fire Storm               Conj/Fire      0%         5d1       100%        9
 Shatter                  Erth           0%         3d5*      100%        9
 Cigotuvi's Dreadful Rot  Necr/Pois/Air  Unusable   N/A       N/A         2

Dungeon Overview and Level Annotations

Branches:
Dungeon (3/15)

Altars:


Innate Abilities, Weirdness & Mutations

You are immune to sickness and miasma.
Your stone body is resilient. (AC +3)
You are immune to poison.
You resist negative energy. (rN+)
You are resistant to electric shocks. (rElec)
You are resistant to unholy torment.
You are immune to petrification.
You have sharp toenails.


Message History

You are too injured to fight recklessly!
You are too injured to fight recklessly!
You are too injured to fight recklessly!
You are too injured to fight recklessly!
You are too injured to fight recklessly!
You are too injured to fight recklessly!
You are too injured to fight recklessly!
You are too injured to fight recklessly!
You are too injured to fight recklessly!
You are too injured to fight recklessly!
You are too injured to fight recklessly!
You are too injured to fight recklessly!
You are too injured to fight recklessly!
You are too injured to fight recklessly!
You are too injured to fight recklessly!
You are too injured to fight recklessly!
You are too injured to fight recklessly!
You are too injured to fight recklessly!
You are too injured to fight recklessly!
You are too injured to fight recklessly!
You are too injured to fight recklessly!
You are too injured to fight recklessly!
You are too injured to fight recklessly!
You are too injured to fight recklessly!
You hit the gnoll. You claw the gnoll.
You kill the gnoll!
The gnoll hits you from afar with a +0 spear.
You barely miss the gnoll. Your kick misses the gnoll.
The gnoll hits you from afar with a +0 spear.
* * * LOW HITPOINT WARNING * * *
The gnoll hits you but does no damage. You block the gnoll's attack.
The gnoll hits you from afar with a +0 spear.
* * * LOW HITPOINT WARNING * * *
You hit the gnoll but do no damage. You claw the gnoll!
The gnoll is severely wounded.
The gnoll hits you but does no damage. The gnoll misses you.
You closely miss the gnoll.
The gnoll is severely wounded.
The gnoll hits you from afar with a +0 spear!
You die...

#..g...# ......#.###
#......#######.#.###
+...........[.......
#......#######.#.###
#......##....<.#....
+......##.####.####.
#.g....# .# #.# #.
#g######.# #.####.
#)@......## #.##...
###.......###.##.#.
## #...........##...
#...#....##.### #..#
#.'.....#.######..#
#.#...†.#.#.......#
#..#..#.....####..#
#.....#..........##
#...###......#####


You could see 2 gnolls.

Vanquished Creatures
  2 gnolls (D:3)
  An adder (D:3)
  A worm (D:2)
  A dart slug (D:3)
  5 bats
  An endoplasm (D:1)
  3 giant cockroaches
  3 goblins
  2 hobgoblins
  3 quokkas
  4 ball pythons
  2 frilled lizards
  4 kobolds
  4 rats
36 creatures vanquished.

Notes
Turn   | Place    | Note
-------+----------+-------------------------------------------
     0 | D:1      | 12sPaWn12 the Gargoyle Fighter began the quest for the Orb.
     0 | D:1      | Reached XP level 1. HP: 14/14 MP: 1/1
   153 | D:1      | Reached XP level 2. HP: 19/19 MP: 2/2
   374 | D:1      | Found a faded altar of an unknown god.
   631 | D:2      | Reached XP level 3. HP: 23/23 MP: 3/3
  1173 | D:3      | Gained mutation: You have sharp toenails. [potion of
                  | mutation]
  1352 | D:3      | Reached XP level 4. HP: 23/29 MP: 1/4
  1357 | D:3      | Slain by a gnoll

Illustrated notes

Levels and vault maps discovered:
D:1:      psy_arrival_spokes, layout_rooms, ebering_ecumenical_altar_hall,
          minmay_pentomino_s2
D:2:      layout_basic, minmay_misc_feat_doors
D:3:      minmay_angry_zag, layout_basic

Action                     |  1- 3 |  4- 6 || total
---------------------------+-------+-------++-------
  Melee: Flail             |   110 |     6 ||   116
         Kick              |     3 |     3 ||     6
    Use: Scroll            |     4 |       ||     4
         Potion            |     3 |       ||     3
 Armour: Scale mail        |    55 |     3 ||    58
  Dodge: Dodged            |    64 |     1 ||    65
  Block: Buckler           |    34 |     1 ||    35

Table legend: (Time is in decaauts)
 A = Elapsed time spent in this place.
 B = Non-inter-level travel time spent in this place.
 C = Inter-level travel time spent in this place.
 D = Time resting spent in this place.
 E = Time spent auto-exploring this place.
 F = Levels seen in this place.
 G = Mean time per level.
                   A        B        C        D        E       F      G
               +--------+--------+--------+--------+--------+-----+--------+
         Total |   1376 |   1327 |     49 |      0 |   1033 |   3 |  458.7 |
       Dungeon |   1376 |   1327 |     49 |      0 |   1033 |   3 |  458.7 |
               +--------+--------+--------+--------+--------+-----+--------+

Top non-repeatable levels by time:
     D:2: 676 daAuts
     D:1: 522 daAuts
     D:3: 177 daAuts
